AoeStats
← Kulishaak

Arabia

505395374Analyzed
1v1 RM · 23d ago on Sep 9, 2026· 17m 24s· 2 players
Game mode
Random Map
Map size
Tiny (2 player)
Population
200
Speed
Normal
Resources
Standard
Victory
Conquest
Starting age
Dark Age
Ending age
Imperial Age
RankedLock teamsTeams togetherTeam positionsShared explorationLock speedFull tech treeHidden civsTurbo modeCheats
Victory
Defeat
🇨🇿 Armenians · Czechia
1159
+14
🇳🇿 Mongols · New Zealand
1126
-14
Kulishaak
1:16 Loom
9:49 Feudal Age
10:53 Double-Bit Axe
11:37 Man-at-Arms
13:44 Long Swordsman
15:26 Scale Mail Armor
16:23 Arson
brokenrice
5:54 Loom
8:24 Feudal Age
9:15 Double-Bit Axe
10:03 Town Watch
Connection lost

Rejoining the realm…

Still unreachable

The connection could not be restored.

Session expired

The server has moved on; the page needs a fresh start.